 Dungeon Crawl Stone Soup version 0.22.1-1-ga44c0e5 (webtiles) character file.

7896 Lavandula the Cleaver (level 11, -5/123 HPs)
             Began as a Centaur Berserker on Nov 8, 2018.
             Was an Elder of Trog.
             Slain by a hornet (10 damage)
             ... on level 11 of the Dungeon.
             The game lasted 00:25:53 (4739 turns).

Lavandula the Cleaver (Centaur Berserker)           Turns: 4739, Time: 00:25:54

Health: -5/123     AC: 11    Str: 27    XL:     11   Next: 2%
Magic:  11/11      EV:  7    Int:  6    God:    Trog [****..]
Gold:   298        SH:  0    Dex: 10    Spells: 10/10 levels left

rFire    + . .     SeeInvis .   e - +1 war axe
rCold    . . .     Gourm    .   (no shield)
rNeg     . . .     Faith    .   x - +2 chain mail {rF+}
rPois    .         Spirit   .   (no helmet)
rElec    .         Reflect  .   (no cloak)
rCorr    .         Harm     .   (no gloves)
MR       ++...                  (no barding)
Stlth    ..........             (no amulet)
HPRegen  1.30/turn              y - ring of wizardry
MPRegen  0.12/turn              (no ring)

@: berserking, lethally poisoned (-5 -> -7), regenerating, slowed, very quick
A: large, hooves 3, deformed body, speed 2, tough skin 3
a: Berserk, Trog's Hand, Brothers in Arms, Renounce Religion


You were on level 11 of the Dungeon.
You worshipped Trog.
Trog was greatly pleased with you.
You were near starving.

You visited 1 branch of the dungeon, and saw 11 of its levels.

You collected 388 gold pieces.
You spent 90 gold pieces at shops.

Inventory:

Hand Weapons
 a - a +0 hand axe
 d - a +0 fustibalus
 e - a +1 war axe (weapon)
 g - a +1 scythe of venom
 q - a +0 hunting sling
 B - a +2 great mace of venom
Missiles
 A - 19 sling bullets
Armour
 b - a +0 animal skin
 l - a +0 ring mail
 x - a +2 chain mail of fire resistance (worn)
Jewellery
 y - a ring of wizardry (left hand)
 H - an uncursed ring of protection from fire {unknown}
Wands
 z - a wand of enslavement (13)
 F - a wand of clouds (6)
Scrolls
 j - 5 scrolls of teleportation
 m - 2 scrolls of magic mapping
 n - 5 scrolls of enchant armour
 o - 2 scrolls of enchant weapon
 p - 2 scrolls of immolation {unknown}
 s - 2 scrolls of fear {unknown}
 t - 5 scrolls of remove curse
 C - a scroll of silence {unknown}
 E - a scroll of blinking {unknown}
 G - a scroll of noise {unknown}
 I - a scroll of holy word {unknown}
Potions
 f - a potion of mutation {unknown}
 h - a potion of invisibility
 i - 4 potions of haste
 k - 4 potions of brilliance
 r - a potion of resistance {unknown}
 u - a potion of heal wounds
 v - 2 potions of agility {unknown}
 w - a potion of flight {unknown}
 D - 2 potions of magic {unknown}
Comestibles
 c - 20 rations


   Skills:
 - Level 3.2 Fighting
 + Level 13.9 Axes
 - Level 5.5 Armour
 - Level 1.4 Dodging


You had 10 spell levels left.
You didn't know any spells.
Your spell library was empty.

Dungeon Overview and Level Annotations

Branches:
Dungeon (11/15)            Temple (0/1) D:7            Lair (0/6) D:10
    Orc: D:9-12

Altars:
Elyvilon
Fedhas
Kikubaaqudgha
Nemelex Xobeh
Sif Muna
Trog
Zin

Portals:
Trove: D:10 (give +4 demon trident)

Annotations:
D:10 lair


Innate Abilities, Weirdness & Mutations

You have hooves in place of feet.
Armour fits poorly on your strangely shaped body.
You cover ground very quickly.
You have extremely tough skin. (AC +3)


Message History

You feel as though you will be slow longer.
Something hits you but does no damage. Something bites you but does no damage.
Unknown command.
You slash something! You kick something. You slash the hornet!
You feel sick. The hornet stings you!
* * * LOW HITPOINT WARNING * * *
You are more poisoned.
You feel as though you will be slow longer.
Something hits you but does no damage. Something bites you!
* * * LOW HITPOINT WARNING * * *
Something draws strength from your injuries!
You miss something. You barely miss the hornet.
You feel the effects of Trog's Hand fading.
You feel sick. The hornet barely misses you. Something hits you.
* * * LOW HITPOINT WARNING * * *
Something bites you but does no damage.
Unknown command.
You closely miss something. You kick something! You barely miss the hornet.
You feel sick. The hornet stings you!
You die...

#########
..............#
#.............#
##.............#
#.....##.......#
#.....##......?#
+.....#........#
#...<.#>.....{.#
#.....#...)..y@#
#.....##.......#
##....##....?..#
#.............#
#.............#
#....##.......#
#....##.......#
+.....#........#
##....#........#


You could see a hornet.

Vanquished Creatures
  2 two-headed ogres
  The ghost of Anon1729 the Covert, a novice SpAs (D:6)
  A troll (D:11)
  3 hippogriffs
  A wyvern (D:9)
  Sigmund (D:2)
  3 yaks (D:10)
  A vampire mosquito (D:10)
  A porcupine (D:10)
  2 sky beasts
  3 orc warriors
  2 phantoms (D:6)
  4 black bears
  An ice beast (D:7)
  8 ogres
  3 centaurs
  4 bullfrogs
  8 big kobolds (D:6)
  2 scorpions
  4 killer bees (D:10)
  4 wights (D:8)
  4 howler monkeys
  4 crimson imps
  A bullfrog zombie (D:7)
  A centaur zombie (D:11)
  A quasit (D:6)
  A jelly (D:10)
  A gnoll shaman (D:5)
  6 orc wizards
  4 orc priests
  A bullfrog skeleton (D:8)
  5 hounds
  4 iguanas
  5 worker ants
  8 adders
  11 gnolls
  A shadow imp (D:6)
  An ooze (D:4)
  3 adder zombies
  An adder skeleton (D:8)
  A dart slug (D:3)
  A leopard gecko (D:8)
  28 orcs
  3 giant cockroaches
  4 hobgoblins
  13 jackals
  7 quokkas
  3 ball pythons
  7 bats
  5 frilled lizards
  2 goblins (D:1)
  A kobold (D:1)
  A leopard gecko skeleton (D:7)
  A quokka skeleton (D:4)
  5 rats
204 creatures vanquished.

Notes
Turn   | Place    | Note
-------+----------+-------------------------------------------
     0 | D:1      | Lavandula the Centaur Berserker began the quest for the
                  | Orb.
     0 | D:1      | Reached XP level 1. HP: 19/19 MP: 1/1
   224 | D:1      | Reached XP level 2. HP: 16/26 MP: 2/2
   234 | D:2      | Noticed Sigmund
   238 | D:2      | Reached skill level 3 in Axes
   242 | D:2      | Killed Sigmund
   242 | D:2      | Reached skill level 5 in Axes
   242 | D:2      | Reached XP level 3. HP: 16/31 MP: 3/3
   242 | D:2      | Reached XP level 4. HP: 20/38 MP: 4/4
   242 | D:2      | Reached XP level 5. HP: 24/45 MP: 5/5
   503 | D:3      | Found a bloodstained altar of Trog.
   542 | D:3      | Reached ** piety under Trog
   849 | D:3      | Found a blossoming altar of Fedhas.
   903 | D:3      | Found an ancient bone altar of Kikubaaqudgha.
   917 | D:3      | Found Zin's Purification Station.
   920 | D:3      | Found a glowing silver altar of Zin.
   986 | D:3      | Bought a potion of curing for 90 gold pieces
   999 | D:3      | Found a sparkling altar of Nemelex Xobeh.
  1080 | D:5      | Entered Level 5 of the Dungeon
  1090 | D:4      | Noticed an ogre
  1098 | D:4      | Killed an ogre
  1098 | D:4      | Reached skill level 6 in Axes
  1098 | D:4      | Reached XP level 6. HP: 51/51 MP: 6/6
  1271 | D:4      | Reached skill level 7 in Axes
  1272 | D:4      | Reached XP level 7. HP: 37/57 MP: 7/7
  1540 | D:5      | Reached skill level 8 in Axes
  1541 | D:5      | HP: 4/85 [gnoll/spear (3)]
  1691 | D:6      | Found a white marble altar of Elyvilon.
  1756 | D:6      | Reached *** piety under Trog
  1804 | D:6      | Found a runed gate.
  1809 | D:6      | Found a runed gate.
  1809 | D:6      | Found a runed gate.
  1810 | D:6      | Noticed Anon1729's ghost (novice SpAs)
  1838 | D:6      | Reached XP level 8. HP: 63/63 MP: 8/8
  1840 | D:6      | Reached skill level 9 in Axes
  1944 | D:6      | Reached skill level 10 in Axes
  1951 | D:6      | Killed Anon1729's ghost
  2205 | D:7      | Reached XP level 9. HP: 57/70 MP: 9/9
  2249 | D:7      | Reached skill level 11 in Axes
  2637 | D:7      | Found a staircase to the Ecumenical Temple.
  2876 | D:7      | Reached skill level 12 in Axes
  3022 | D:8      | Found a deep blue altar of Sif Muna.
  3120 | D:8      | Noticed a two-headed ogre
  3179 | D:8      | Killed a two-headed ogre
  3179 | D:8      | Reached XP level 10. HP: 58/77 MP: 10/10
  3250 | D:8      | Found a white marble altar of Elyvilon.
  3263 | D:8      | Reached **** piety under Trog
  3449 | D:9      | Reached skill level 5 in Armour
  3513 | D:10     | Entered Level 10 of the Dungeon
  3965 | D:10     | Noticed a two-headed ogre
  3991 | D:10     | Killed a two-headed ogre
  3994 | D:10     | Reached skill level 13 in Axes
  4088 | D:10     | Found a portal to a secret trove of treasure.
  4119 | D:10     | Noticed a death yak
  4120 | D:10     | Noticed a death yak
  4122 | D:10     | Noticed a death yak
  4607 | D:11     | Reached XP level 11. HP: 59/82 MP: 11/11
  4732 | D:11     | Paralysed by a hornet for 2 turns
  4738 | D:11     | HP: 5/123 [something (3)]
  4739 | D:11     | Slain by a hornet

Skill      XL: |  1  2  3  4  5  6  7  8  9 10 |
---------------+-------------------------------+-----
Axes           | 5 6 7 8 10 12 13 | 13.9
Armour         | 4 5 |  5.5
Fighting       | |  3.2
Dodging        | |  1.4

Action                   |  1- 3 |  4- 6 |  7- 9 | 10-12 || total
-------------------------+-------+-------+-------+-------++-------
Melee: Hand axe          |    24 |    48 |       |       ||    72
       Kick              |     2 |    22 |    50 |    37 ||   111
       Scythe            |       |    32 |    21 |    76 ||   129
       War axe           |       |    31 |   188 |   140 ||   359
Throw: Stone             |    21 |       |    11 |       ||    32
       Throwing net      |       |       |     1 |       ||     1
Invok: Berserk           |     2 |     6 |     8 |     7 ||    23
       Trog's Hand       |       |       |     8 |     8 ||    16
Evoke: Wand              |       |       |       |     1 ||     1
  Use: Scroll            |       |     3 |     3 |     3 ||     9
       Potion            |       |       |       |     3 ||     3
  Eat: Chunk             |       |     7 |    12 |     6 ||    25
       Ration            |       |       |     1 |     2 ||     3
Armor: Animal skin       |    10 |     5 |       |       ||    15
       Ring mail         |       |    39 |    54 |       ||    93
       Chain mail        |       |       |    12 |   129 ||   141
Dodge: Dodged            |    18 |    55 |    71 |    75 ||   219
